 Dungeon Crawl Stone Soup version 0.23-a0-171-g5ae17c6 (webtiles) character file.

2220 Amnesiac the Magician (level 9, -3/57 HPs)
             Began as a Mummy Ice Elementalist on Sept 14, 2018.
             Was an Initiate of Vehumet.
             Slain by a gnoll sergeant
             ... wielding a +6 spear of freezing
              (9 damage)
             ... on level 7 of the Dungeon.
             The game lasted 00:18:55 (8166 turns).

Amnesiac the Magician (Mummy Ice Elementalist)      Turns: 8166, Time: 00:18:56

Health: -3/57      AC:  3    Str: 11    XL:     9   Next: 13%
Magic:  10/19      EV: 11    Int: 17    God:    Vehumet [......]
Gold:   377        SH:  0    Dex: 13    Spells: 3/22 levels left

rFire    x . .     SeeInvis .   a - +0 rapier (drain)
rCold    + . .     Gourm    .   (no shield)
rNeg     + + +     Faith    .   d - +0 leather armour
rPois    ∞         Spirit   .   (no helmet)
rElec    .         Reflect  .   (no cloak)
rCorr    .         Harm     .   (no gloves)
MR       +....                  (no boots)
Stlth    ++........             (no amulet)
HPRegen  0.19/turn              h - ring of flight
MPRegen  0.16/turn              (no ring)

@: very slightly contaminated
A: no food or potions, fire vulnerability, cold resistance 1, negative energy
resistance 3, torment resistance, unbreathing
a: Renounce Religion, Evoke Flight


You were on level 7 of the Dungeon.
You worshipped Vehumet.
Vehumet was noncommittal.
You were not hungry.

You visited 2 branches of the dungeon, and saw 8 of its levels.

You collected 377 gold pieces.

Inventory:

Hand Weapons
 a - a +0 rapier of draining (weapon)
 p - a +0 scimitar
Missiles
 n - 125 stones (quivered)
Armour
 d - a +0 leather armour (worn)
 l - the +5 ring mail "Equshegu" {rElec rPois Regen+ Str-3}
   (You found it on level 6 of the Dungeon)

   It affects your strength (-3).
   It insulates you from electricity.
   It protects you from poison.
   It increases your rate of regeneration.
 m - a cursed +0 ring mail
Jewellery
 c - an uncursed ring of teleportation
 h - a ring of flight (left hand)
Wands
 g - a wand of disintegration (15)
 q - a wand of paralysis (13)
Scrolls
 b - 3 scrolls of identify {!r}
 e - a scroll of blinking {!r}
 f - 3 scrolls of remove curse {!r}
 i - a scroll of fear {!r}
 j - a scroll of vulnerability {!r}
 k - 2 scrolls of enchant armour {!r}
 o - a scroll of teleportation {!r}


   Skills:
 - Level 1.5 Dodging
 - Level 1.5 Stealth
 + Level 7.1 Spellcasting
 - Level 0.7 Conjurations
 - Level 6.1 Ice Magic
 * Level 7.0 Earth Magic


You had 3 spell levels left.
You knew the following spells:

 Your Spells              Type           Power        Failure   Level  Hunger
a - Sandblast             Erth           ####..       1%          1    N/A
b - Freeze                Ice            ####         1%          1    N/A
c - Throw Icicle          Conj/Ice       ###.....     36%         4    N/A
d - Lee's Rapid Deconstr  Erth           ####......   22%         5    N/A
e - Mephitic Cloud        Conj/Pois/Air  #.......     38%         3    N/A
v - Blink                 Tloc           N/A          22%         2    N/A
z - Ozocubu's Armour      Chrm/Ice       ###.....     13%         3    N/A

Your spell library contained the following spells:

 Spells                   Type           Power        Failure   Level  Hunger
 Passwall                 Tmut/Erth      ###.....     5%          2    N/A
 Throw Frost              Conj/Ice       ###...       5%          2    N/A
 Stone Arrow              Conj/Erth      ###...       9%          3    N/A
 Magic Dart               Conj           #...         11%         1    N/A
 Corona                   Hex            #......      16%         1    N/A
 Call Imp                 Summ           #.......     22%         2    N/A
 Slow                     Hex            #.......     22%         2    N/A
 Conjure Flame            Conj/Fire      #.......     36%         3    N/A
 Inner Flame              Hex/Fire       #.......     41%         3    N/A
 Portal Projectile        Hex/Tloc       #.....       41%         3    N/A
 Leda's Liquefaction      Hex/Erth       ###.......   34%         4    N/A
 Petrify                  Tmut/Erth      ###.....     34%         4    N/A
 Summon Ice Beast         Ice/Summ       ###.....     38%         4    N/A
 Cause Fear               Hex            #.........   83%         4    N/A

Dungeon Overview and Level Annotations

Branches:
Dungeon (7/15)             Temple (1/1) D:4

Altars:
Ashenzari
Cheibriados
Dithmenos
Elyvilon
Fedhas
Gozag
Hepliaklqana
Kikubaaqudgha
Makhleb
Nemelex Xobeh
Okawaru
Qazlal
Ru
Sif Muna
Trog
Uskayaw
Vehumet
Wu Jian
Xom
Yredelemnul
Zin
The Shining One
Lugonu

Shops:
D:5 ?


Innate Abilities, Weirdness & Mutations

You do not eat or drink.
Your flesh is vulnerable to fire.
You are immune to poison.
Your flesh is cold resistant. (rC+)
You are immune to negative energy. (rN+++)
You are immune to unholy pain and torment.
You can survive without breathing.


Message History

Aiming: Sandblast (safe; 1% risk of failure)
Press: ? - help, Shift-Dir - straight line, f/p - gnoll sergeant
Aim: a gnoll sergeant, wielding a spear of freezing and wearing a scale mail The blast of sand hits the gnoll sergeant.
The gnoll sergeant is heavily wounded.
n - 129 stones The gnoll sergeant hits you from afar with a spear of freezing!
The gnoll sergeant freezes you.
Casting: Sandblast (safe; 1% risk of failure)
Confirm with . or Enter, or press ? or * to list all spells.
Aiming: Sandblast (safe; 1% risk of failure)
Press: ? - help, Shift-Dir - straight line, f/p - gnoll sergeant
Aim: a gnoll sergeant, wielding a spear of freezing and wearing a scale mail The blast of sand hits the gnoll sergeant.
The gnoll sergeant is heavily wounded.
n - 128 stones The gnoll sergeant hits you from afar with a spear of freezing!
* * * LOW HITPOINT WARNING * * *
The gnoll sergeant freezes you.
* * * LOW HITPOINT WARNING * * *
Unknown command.
Casting: Sandblast (safe; 1% risk of failure)
Confirm with . or Enter, or press ? or * to list all spells.
Aiming: Sandblast (safe; 1% risk of failure)
Press: ? - help, Shift-Dir - straight line, f/p - gnoll sergeant
Aim: a gnoll sergeant, wielding a spear of freezing and wearing a scale mail The blast of sand hits the gnoll sergeant.
The gnoll sergeant is heavily wounded.
n - 127 stones The gnoll sergeant closely misses you.
Unknown command.
Casting: Sandblast (safe; 1% risk of failure)
Confirm with . or Enter, or press ? or * to list all spells.
Aiming: Sandblast (safe; 1% risk of failure)
Press: ? - help, Shift-Dir - straight line, f/p - gnoll sergeant
Aim: a gnoll sergeant, wielding a spear of freezing and wearing a scale mail The blast of sand hits the gnoll sergeant.
The gnoll sergeant is severely wounded.
n - 126 stones The gnoll sergeant hits you from afar with a spear of freezing!
* * * LOW HITPOINT WARNING * * *
The gnoll sergeant freezes you.
* * * LOW HITPOINT WARNING * * *
Unknown command.
Casting: Sandblast (safe; 1% risk of failure)
Confirm with . or Enter, or press ? or * to list all spells.
Aiming: Sandblast (safe; 1% risk of failure)
Press: ? - help, Shift-Dir - straight line, f/p - gnoll sergeant
Aim: a gnoll sergeant, wielding a spear of freezing and wearing a scale mail The blast of sand hits the gnoll sergeant.
The gnoll sergeant is severely wounded.
n - 125 stones The gnoll sergeant hits you from afar with a spear of freezing.
* * * LOW HITPOINT WARNING * * *
The gnoll sergeant freezes you.
* * * LOW HITPOINT WARNING * * *
Unknown command.
Evoke which item? (* to show all) (? for menu, Esc to quit)
Aiming: Disintegrate
Press: ? - help, Shift-Dir - straight line, f/p - gnoll sergeant
Aim: a gnoll sergeant, wielding a spear of freezing and wearing a scale mail The gnoll sergeant struggles to resist.
The gnoll sergeant hits you from afar with a spear of freezing!
You die...

..# #.# #.# ..# #.# #.# #.#
#.# #.# #.# #.# #.# ### ..#
#.# #.# #.# #.# #.# #.# #.#
#.# #.###.# #.#
#.####.....########.#
............ggg.@...#
........###########†#
#####.#.#####.#####.#
......g...........#.#
.......!....#...#.#.#
............).......#
.g###..............##
......#...#...###..#
....#.....#...###..########


You could see a gnoll sergeant and 2 gnolls.

Vanquished Creatures
  A hippogriff (D:7)
  Sigmund (D:2)
  A steam dragon (D:7)
  Duvessa (D:5)
  An ice beast (D:6)
  A black bear (D:7)
  3 phantoms
  5 ogres
  Dowan (D:5)
  3 scorpions
  3 wights
  2 crimson imps
  A centaur zombie (D:7)
  A hound (D:5)
  A bullfrog skeleton (D:6)
  An orc wizard (D:6)
  Jessica (D:2)
  Terence (D:2)
  3 worker ants (D:4)
  7 adders
  3 oozes
  An adder skeleton (D:4)
  2 worms
  3 dart slugs
  3 leopard geckos
  7 orcs
  2 ball pythons
  6 giant cockroaches
  4 goblins
  13 hobgoblins
  5 jackals (D:1)
  4 quokkas
  5 bats
  8 frilled lizards
  5 kobolds
  A leopard gecko zombie (D:7)
  A quokka skeleton (D:4)
  7 rats
  A spectral orc (D:2)
120 creatures vanquished.

Notes
Turn   | Place    | Note
-------+----------+-------------------------------------------
     0 | D:1      | Amnesiac the Mummy Ice Elementalist began the quest for the
                  | Orb.
     0 | D:1      | Reached XP level 1. HP: 13/13 MP: 4/4
   207 | D:2      | Reached XP level 2. HP: 17/19 MP: 1/5
   215 | D:2      | Learned a level 2 spell: Throw Frost
   449 | D:2      | Noticed Terence
   557 | D:2      | Reached XP level 3. HP: 16/24 MP: 2/7
   562 | D:2      | Learned a level 3 spell: Ozocubu's Armour
   782 | D:5      | Entered Level 5 of the Dungeon
   789 | D:5      | Found a bloodstained altar of Trog.
   789 | D:5      | Found a hazy altar of Hepliaklqana.
  1096 | D:4      | Reached XP level 4. HP: 26/30 MP: 6/9
  1102 | D:4      | Learned a level 4 spell: Throw Icicle
  1356 | D:4      | Found a staircase to the Ecumenical Temple.
  1371 | Temple   | Entered the Ecumenical Temple
  1505 | D:4      | Noticed a phantom
  1515 | D:4      | Noticed a phantom
  2365 | D:2      | Found a snail-covered altar of Cheibriados.
  2778 | D:2      | Killed Terence
  2778 | D:2      | Reached XP level 5. HP: 35/35 MP: 1/11
  2986 | D:3      | Learned a level 2 spell: Blink
  3503 | Temple   | Became a worshipper of Vehumet
  3569 | D:4      | Reached XP level 6. HP: 18/41 MP: 0/13
  4143 | D:4      | Reached skill level 5 in Ice Magic
  4743 | D:5      | Reached skill level 5 in Spellcasting
  4759 | D:5      | Found a blossoming altar of Fedhas.
  4761 | D:5      | Noticed Duvessa
  4761 | D:5      | Noticed Dowan
  5108 | D:5      | Found Gushe's Magic Scroll Shoppe.
  5195 | D:5      | Learned a level 3 spell: Mephitic Cloud
  5213 | D:5      | Reached XP level 7. HP: 28/46 MP: 1/15
  5445 | D:5      | Killed Duvessa
  5450 | D:5      | Killed Dowan
  5612 | D:6      | Learned a level 5 spell: Lee's Rapid Deconstruction
  5628 | D:6      | Reached skill level 1 in Earth Magic
  5664 | D:6      | Found a deep blue altar of Sif Muna.
  5834 | D:6      | Got a scorched ring mail
  6116 | D:6      | Identified the +5 ring mail "Equshegu" {rElec rPois Regen+
                  | Str-3} (You found it on level 6 of the Dungeon)
  6138 | D:6      | Reached XP level 8. HP: 21/52 MP: 14/17
  6596 | D:2      | Noticed Jessica
  6598 | D:2      | Killed Jessica
  6621 | D:2      | Noticed Sigmund
  6629 | D:2      | Killed Sigmund
  6725 | D:2      | Found a basalt altar of Yredelemnul.
  6832 | D:1      | Learned a level 1 spell: Sandblast
  7083 | D:3      | Reached skill level 5 in Earth Magic
  7415 | D:7      | HP: 1/52 [wight/enchanted battleaxe (3)]
  8027 | D:7      | Found a corrupted altar of Lugonu.
  8078 | D:7      | Reached XP level 9. HP: 55/57 MP: 14/19
  8166 | D:7      | Slain by a gnoll sergeant

Vault maps used:
D:1:      grunt_arrival_lava_bath
D:2:      yredelemnul_forgotten_temple_becter, cheibriados_altar_1,
          uniq_terence, uniq_jessica, uniq_sigmund
D:3:      kennysheep_big_flooded_room
D:4:      minmay_temple_entry_junction_2, hangedman_decor_growths
D:5:      gammafunk_temple_overflow_elements, first_ration, serial_shops,
          nicolae_shop_crystal, serial_curves, eino_curves_01, eino_curves_01,
          fedhas_altar_2, uniq_duvessa
D:6:      led_sif_book
D:7:      gammafunk_corrupted_shrine, the_bakery, kennysheep_opposing_triangles,
          uniq_joseph
Temple:   nicolae_temple_no_exploring_needed

Skill      XL: |  1  2  3  4  5  6  7  8  9 |
---------------+----------------------------+-----
Ice Magic      | 3 4 5 6 |  6.1
Spellcasting   | 3 4 5 6 7 |  7.1
Earth Magic    | 3 6 7 |  7.0
Dodging        | |  1.5
Stealth        | |  1.5
Conjurations   | |  0.7

Action                   |  1- 3 |  4- 6 |  7- 9 || total
-------------------------+-------+-------+-------++-------
Melee: Unarmed           |     3 |    21 |       ||    24
       Rapier            |       |    52 |    37 ||    89
       Mace              |       |     4 |       ||     4
 Cast: Freeze            |    42 |   108 |    39 ||   189
       Ozocubu's Armour  |       |     6 |     3 ||     9
       Throw Frost       |       |     3 |       ||     3
       Mephitic Cloud    |       |     1 |     1 ||     2
       Sandblast         |       |       |    64 ||    64
       Blink             |       |       |     2 ||     2
       Lee's Rapid Decon |       |       |     1 ||     1
 Abil: Evoke Flight      |       |     1 |       ||     1
Evoke: Wand              |       |       |     4 ||     4
  Use: Scroll            |       |     9 |     4 ||    13
 Stab: Sleeping          |       |     2 |     2 ||     4
       Confused          |       |     1 |       ||     1
Armor: Leather armour    |     7 |    46 |    17 ||    70
       Robe              |     1 |       |       ||     1
Dodge: Dodged            |    20 |   101 |    51 ||   172

Table legend:
 A = Non-vault XP
 B = Vault XP
 C = Vault XP percentage of total XP
 D = Non-vault monster count
 E = Vault monster count
 F = Vault count percentage of total count
                 A         B        C        D         E       F
            +---------+---------+-------+---------+---------+-------
      Total |    2597 |     575 |  18.1 |     111 |       9 |   7.5
            +---------+---------+-------+---------+---------+-------
        D:1 |      43 |       0 |   0.0 |      23 |       0 |   0.0
        D:2 |      63 |     297 |  82.5 |      24 |       4 |  14.3
        D:3 |     397 |       8 |   2.0 |      23 |       2 |   8.0
        D:4 |     144 |       0 |   0.0 |      12 |       0 |   0.0
        D:5 |     311 |     230 |  42.5 |       9 |       2 |  18.2
        D:6 |     491 |      40 |   7.5 |       8 |       1 |  11.1
        D:7 |    1148 |       0 |   0.0 |      12 |       0 |   0.0
            +---------+---------+-------+---------+---------+-------
